 Dungeon Crawl Stone Soup version 0.22-a0-423-g4197694 (webtiles) character file.

65 Gaball the Poker (level 4, -4/35 HPs)
             Began as a Formicid Chaos Knight on May 23, 2018.
             Killed by drain life
             ... invoked by a soul eater
             ... summoned by Xom
              (7 damage)
             ... on level 3 of the Dungeon.
             The game lasted 00:02:33 (1528 turns).

Gaball the Poker (Formicid Chaos Knight)            Turns: 1528, Time: 00:02:33

Health: -4/35      AC:  5    Str: 18    XL:     4   Next: 34%
Magic:  4/4        EV: 10    Int: 11    God:    Xom [......]
Gold:   65         SH:  0    Dex: 10    Spells: 3/3 levels left

rFire    . . .     SeeInvis +   a - +0 spear (chaos)
rCold    . . .     Gourm    .   (no shield)
rNeg     . . .     Faith    .   k - +0 ring mail (curse)
rPois    .         Spirit   .   (helmet unavailable)
rElec    .         Reflect  .   (no cloak)
rCorr    .         Harm     .   (no gloves)
MR       .....                  (no boots)
Stlth    ..........             (no amulet)
HPRegen  0.11/turn              (no ring)
MPRegen  0.09/turn              (no ring)

@: drained
A: permanent stasis, dig shafts and tunnels, four strong arms, antennae 3
a: Dig, Shaft Self, Renounce Religion


You were on level 3 of the Dungeon.
You worshipped Xom.
You were a very special plaything of Xom.
You were not hungry.

You visited 1 branch of the dungeon, and saw 3 of its levels.

You collected 65 gold pieces.

Inventory:

Hand Weapons
 a - a +0 spear of chaos (weapon)
Armour
 b - a +2 leather armour
 k - a cursed +0 ring mail (worn)
Scrolls
 e - a scroll of identify {unknown}
 g - a scroll of remove curse {unknown}
 l - a scroll of enchant weapon {unknown}
Potions
 d - 2 potions of mutation {unknown}
 h - a potion of brilliance {unknown}
 i - a potion of might {unknown}
 j - a potion of curing {unknown}
 m - a potion of flight {unknown}
Comestibles
 c - 2 rations
 f - 2 chunks of flesh


   Skills:
 - Level 3.2(2.9) Fighting
 + Level 4.9(4.5) Polearms
 - Level 2.1(1.8) Armour
 - Level 0.8(0.5) Dodging


You had 3 spell levels left.
You didn't know any spells.
Your spell library was empty.

Dungeon Overview and Level Annotations

Branches:
Dungeon (3/15)

Altars:

Annotations:
D:3 Ijyb, Terence


Innate Abilities, Weirdness & Mutations

You cannot be hasted, slowed, berserked, paralysed or teleported.
You can dig through walls and to a lower floor.
Your four strong arms can wield two-handed weapons with a shield.
You have a pair of large antennae on your head. (SInv)


Message History

The worm bites you.
You hit the worm.
You kill the worm! "Time to have some fun!"
Attack whom?
Press: ? - help, Dir - move target cursor, f - soul eater
Aim: a soul eater (summoned)
You reach to attack!
You hit the soul eater but do no damage.
You closely miss the quasit. You barely miss the soul eater.
Okay, then.
The soul eater hits you!
You feel drained.
The soul eater draws from the surrounding life force!
* * * LOW HITPOINT WARNING * * *
The quasit bites you.
* * * LOW HITPOINT WARNING * * *
The quasit claws you but does no damage. x2
The soul eater draws from the surrounding life force!
You die...

#############
#...#.......#
###...#.#...#.#
#...<.........#.###
#..35..............#
#.............#.##.#
###...#.#...#.# #
#.@.#.......#
##.########## #.#
#.# ... .....
##...## ##.## ###


You could see a soul eater and a quasit.

Vanquished Creatures
  A gnoll (D:1)
  3 adders
  A worm (D:3)
  2 leopard geckos
  4 bats
  A giant cockroach (D:1)
  A hobgoblin (D:2)
  2 kobolds (D:2)
  A ball python (D:1)
  2 frilled lizards
  3 goblins (D:1)
  5 rats
26 creatures vanquished.

Notes
Turn   | Place    | Note
-------+----------+-------------------------------------------
     0 | D:1      | Gaball the Formicid Chaos Knight began the quest for the Orb.
     0 | D:1      | Reached XP level 1. HP: 18/18 MP: 1/1
    94 | D:1      | Reached XP level 2. HP: 24/24 MP: 2/2
    95 | D:1      | XOM: divination: detect creatures
   291 | D:1      | XOM: divination: detect creatures
   461 | D:1      | Reached skill level 4 in Polearms
   461 | D:1      | Reached XP level 3. HP: 26/29 MP: 3/3
   918 | D:2      | XOM: mild Tmut miscast
   931 | D:2      | XOM: summons 1 hostile demon
  1368 | D:3      | XOM: mild Summ miscast
  1381 | D:3      | Noticed Terence
  1418 | D:3      | Noticed Ijyb
  1469 | D:3      | Reached XP level 4. HP: 32/35 MP: 4/4
  1520 | D:3      | XOM: summons 2 hostile demons
  1521 | D:3      | Noticed a soul eater
  1528 | D:3      | Killed from afar by a soul eater

Vault maps used:
D:1:      dpeg_arrival_houses_and_road
D:2:      hangedman_decor_points
D:3:      fiery_altar_vehumet, uniq_ijyb, uniq_terence, uniq_sigmund

Skill      XL: |  1  2 |
---------------+-------+-----
Polearms       | 4 |  4.9
Fighting       | |  3.2
Armour         | |  2.1
Dodging        | |  0.8

Action                   |  1- 3 |  4- 6 || total
-------------------------+-------+-------++-------
Melee: Spear             |    91 |    19 ||   110
 Stab: Paralysed         |     3 |       ||     3
  Eat: Chunk             |     2 |       ||     2
Armor: Leather armour    |    15 |       ||    15
       Ring mail         |     6 |     3 ||     9
Dodge: Dodged            |    30 |     2 ||    32

Table legend:
 A = Spawn XP
 B = Non-spawn XP
 C = Spawn XP percentage of total XP
 D = Spawn monster count
 E = Non-spawn monster count
 F = Spawn count percentage of total count
 G = Total turns spent on level
                    A         B        C        D         E        F      G
               +---------+---------+-------+---------+---------+-------+---------
         Total |       0 |      93 |   0.0 |       0 |      26 |   0.0 |  1528
               +---------+---------+-------+---------+---------+-------+---------
           D:1 |       0 |      33 |   0.0 |       0 |      14 |   0.0 |   534
           D:2 |       0 |      27 |   0.0 |       0 |       8 |   0.0 |   910
           D:3 |       0 |      33 |   0.0 |       0 |       4 |   0.0 |    84
               +---------+---------+-------+---------+---------+-------+---------
